 Dungeon Crawl Stone Soup version 0.29.0-7-g18a832c13a (webtiles) character file.

Game seed: 6157743359467699295

119 darknessisbestgirl the Trooper (level 4, 0/42 HPs)
             Began as a Minotaur Fighter on Aug 31, 2022.
             Succumbed to a scorpion's poison
             ... on level 4 of the Dungeon.
             The game lasted 00:07:47 (1495 turns).

darknessisbestgirl the Trooper (Minotaur Fighter)   Turns: 1495, Time: 00:07:48

Health: 0/42       AC:  6    Str: 21 (23) XL:     4   Next: 73%
Magic:  3/3        EV:  9    Int:  5      God:
Gold:   95         SH:  4    Dex:  8 (9)  Spells: 3/3 levels left

rFire   . . .      SeeInvis .   e - +2 whip (holy)
rCold   . . .      Faith    .   c - +0 buckler
rNeg    . . .      Spirit   .   b - +0 scale mail
rPois   .          Reflect  .   (helmet restricted)
rElec   .          Harm     .   (no cloak)
rCorr   .          Rampage  .   (no gloves)
Will    .....                   (no boots)
Stlth   ..........              (no amulet)
HPRegen 0.14/turn               (no ring)
MPRegen 0.08/turn               (no ring)

@: lethally poisoned (0 -> -27)
A: horns 2, retaliatory headbutt
a: no special abilities


You were on level 4 of the Dungeon.
You visited 1 branch of the dungeon, and saw 3 of its levels.

You collected 95 gold pieces.

Inventory:

Hand Weapons
 a - a +0 long sword
 e - a +2 whip of holy wrath (weapon)
Armour
 b - a +0 scale mail (worn)
 c - a +0 buckler (worn)
Scrolls
 g - a scroll of enchant weapon {unknown}
 h - a scroll of brand weapon {unknown}
 i - a scroll of teleportation
 j - a scroll of amnesia
 m - a scroll of enchant armour {unknown}
Potions
 d - a potion of might
 f - a potion of magic {unknown}


   Skills:
 + Level 5.3 Fighting
 - Level 2.4 Long Blades
 + Level 3.6 Maces & Flails
 - Level 3.6 Armour
 - Level 3.6 Shields


You had 3 spell levels left.
You didn't know any spells.
Your spell library was empty.

Dungeon Overview and Level Annotations

Branches:
Dungeon (2/15)

Altars:


Innate Abilities, Weirdness & Mutations

You have a pair of horns on your head.
You reflexively headbutt those who attack you in melee.


Message History

The hobgoblin hits you.
The endoplasm hits you but does no damage.
You block the hobgoblin's attack. The endoplasm misses you.
The endoplasm attacks as you move away!
The endoplasm hits you but does no damage.
The endoplasm jiggles.
You closely miss the hobgoblin. Your headbutt misses the hobgoblin.
The hobgoblin is heavily wounded.
The hobgoblin barely misses you. You furiously retaliate!
You headbutt the hobgoblin!
You kill the hobgoblin!
You hit the endoplasm.
You kill the endoplasm!
An endoplasm comes into view.
You see here a potion of degeneration.
The endoplasm quivers.
A scorpion comes into view.
A kobold comes into view.
It is wielding a +0 short sword and quivering poisoned darts.
You see here a potion of degeneration.
The scorpion stings you.
You are poisoned.
The scorpion poisons you! The scorpion attacks as you move away!
The scorpion stings you.
You are more poisoned.
The scorpion poisons you!
You feel very sick. The endoplasm hits you.
The endoplasm attacks as you move away!
The endoplasm hits you but does no damage.
You feel very sick. The scorpion closely misses you. The scorpion stings you.
You are lethally poisoned!
The scorpion poisons you! The scorpion attacks as you move away!
The scorpion stings you.
You are more poisoned.
The scorpion poisons you!
* * * LOW HITPOINT WARNING * * *
You feel extremely sick.
You completely miss the scorpion. Your headbutt misses the scorpion.
You die...

..## ##..# . #...#
... #..#
.....##..####
#.......!..##
...........K.#
.#.##....##..#####
#.......Js@..#
#....##..###.#
####.##..# .#
..##..# .# ####..#
.. ####..# #. #..
#.....# .# #..
#.###.# .# ... #.#
#..#


You could see a scorpion, an endoplasm and a kobold.

Vanquished Creatures
  2 hounds (D:4)
  A gnoll (D:4)
  A worm (D:2)
  A dart slug (D:2)
  3 bats
  4 endoplasms
  3 giant cockroaches
  3 goblins
  5 hobgoblins
  4 kobolds
  2 quokkas (D:1)
  5 ball pythons
  2 frilled lizards (D:1)
  3 rats
39 creatures vanquished.

Notes
Turn   | Place    | Note
-------+----------+-------------------------------------------
     0 | D:1      | darknessisbestgirl the Minotaur Fighter began the quest for
                  | the Orb.
     0 | D:1      | Reached XP level 1. HP: 19/19 MP: 0/0
   130 | D:1      | Reached skill level 1 in Maces & Flails
   200 | D:1      | Reached skill level 4 in Fighting
   205 | D:1      | Reached XP level 2. HP: 8/27 MP: 1/1
   574 | D:1      | Found a faded altar of an unknown god.
   958 | D:2      | Reached XP level 3. HP: 34/34 MP: 2/2
  1139 | D:2      | You fall into a shaft and drop 2 floors!
  1169 | D:4      | Noticed an ice beast
  1185 | D:4      | Reached skill level 5 in Fighting
  1185 | D:4      | Reached XP level 4. HP: 16/42 MP: 3/3
  1484 | D:4      | Noticed a scorpion
  1495 | D:4      | Succumbed to a scorpion's poison

Illustrated notes

Levels and vault maps discovered:
D:1:      scummos_arrival_simple_fountains, layout_basic,
          shapermc_ecumenical_altar_totnotflames, minmay_door_square
D:2:      layout_basic
D:4:      layout_loops_ring, hangedman_decor_push

Skill      XL: |  1  2  3 |
---------------+----------+-----
Maces & Flails | 1 2 3 |  3.6
Fighting       | 4 5 |  5.3
Long Blades    | |  2.4
Armour         | |  3.6
Shields        | |  3.6

Action                   |  1- 3 |  4- 6 || total
-------------------------+-------+-------++-------
Melee: Whip              |    70 |    13 ||    83
       Headbutt          |    10 |     3 ||    13
  Use: Scroll            |     2 |     1 ||     3
       Potion            |     3 |     1 ||     4
Armor: Scale mail        |    42 |     5 ||    47
Dodge: Dodged            |    48 |     8 ||    56
Block: Buckler           |    23 |     2 ||    25
